 Dungeon Crawl Stone Soup version 0.25-a0-547-g27a0b5d1ef (webtiles) character file.

Game seed: 15655295085785994906, levelgen mode: deterministic

60 ICC the Shield-Bearer (level 4, 0/21 HPs)
             Began as a Vine Stalker Fighter on Feb 22, 2020.
             Succumbed to an adder's poison
             ... on level 2 of the Dungeon.
             The game lasted 00:02:18 (543 turns).

ICC the Shield-Bearer (Vine Stalker Fighter)         Turns: 543, Time: 00:02:19

Health: 0/21       AC:  4    Str: 22    XL:     4   Next: 6%
Magic:  5/8        EV:  8    Int:  8    God:
Gold:   45         SH:  9    Dex: 13    Spells: 7/7 levels left

rFire    . . .     SeeInvis .   a - +0 rapier
rCold    . . .     Gourm    .   c - +0 kite shield
rNeg     . . .     Faith    .   g - -1 ring mail (curse)
rPois    .         Spirit   +   (no helmet)
rElec    .         Reflect  .   (no cloak)
rCorr    .         Harm     .   (no gloves)
MR       .....     Rnd*Rage +   (no boots)
Stlth    +.........             (no amulet)
HPRegen  0.47/turn              (no ring)
MPRegen  0.11/turn              (no ring)

@: lethally poisoned (0 -> -1)
A: fangs 2, berserk 1, frail 1, mutation resistance 1, regeneration 1, strong 1,
magic shield, antimagic bite, no potion heal 3, rot immunity
a: no special abilities


You were on level 2 of the Dungeon.
You were not hungry.

You visited 1 branch of the dungeon, and saw 2 of its levels.

You collected 45 gold pieces.

Inventory:

Hand Weapons
 a - a +0 rapier (weapon)
Missiles
 i - 3 boomerangs (quivered)
Armour
 b - a +0 scale mail
 c - a +0 kite shield (worn)
 g - a cursed -1 ring mail (worn)
Potions
 d - a potion of might
Comestibles
 f - 3 rations


   Skills:
 - Level 3.0 Fighting
 - Level 2.0 Short Blades
 - Level 2.4 Armour
 + Level 3.1 Shields
 + Level 2.4 Spellcasting


You had 7 spell levels left.
You didn't know any spells.
Your spell library was empty.

Dungeon Overview and Level Annotations

Branches:
Dungeon (2/15)

Altars:
Hepliaklqana
The Shining One


Innate Abilities, Weirdness & Mutations

You have extremely sharp teeth.
Your natural rate of healing is unusually fast.
When hurt, damage is shared between your health and your magic reserves.
Your bite disrupts and absorbs the magic of your enemies.
Potions cannot restore your health.
You are immune to rotting.
You tend to lose your temper in combat.
You are frail. (-10% HP)
You are somewhat resistant to further mutation.
Your muscles are strong. (Str +2)


Message History

You barely miss the adder. You bite the adder. You drain its power.
You feel invigorated.
The adder is heavily wounded.
You miss the adder. You bite the adder. You drain its power.
The adder is severely wounded.
* * * LOW HITPOINT WARNING * * *
You feel sick. The adder bites you.
* * * LOW HITPOINT WARNING * * *
You are more poisoned.
The adder poisons you! You block the adder's attack.
The adder bites you but does no damage.
You puncture the adder!
You kill the adder!
You have reached level 4!
You feel stronger.
You begin to heal more quickly.
* * * LOW HITPOINT WARNING * * *
You feel sick. You block the adder's attack.
Unknown command.
You hit the adder but do no damage.
You die...

#.........# #.........#
##### #.........# #...#
#.........# #...####
#.........####.#.#..##
......>........._..... .
#.........####.#.##.###...
..####.#######...##......%
..# #..........@S........
### ###########S##......S
# #......# .###... #
#......# .# . # #......#
.# ......... .# ##......#
## #....... ........


You could see 2 adders.

Vanquished Creatures
  3 adders (D:2)
  An ooze (D:1)
  2 worms (D:2)
  2 bats
  3 giant cockroaches
  6 goblins
  2 hobgoblins (D:1)
  2 kobolds
  2 frilled lizards (D:1)
  2 rats (D:1)
25 creatures vanquished.

Notes
Turn   | Place    | Note
-------+----------+-------------------------------------------
     0 | D:1      | ICC the Vine Stalker Fighter began the quest for the Orb.
     0 | D:1      | Reached XP level 1. HP: 11/11 MP: 2/2
    92 | D:1      | Reached XP level 2. HP: 15/16 MP: 3/3
   160 | D:1      | Reached skill level 1 in Spellcasting
   315 | D:2      | Reached XP level 3. HP: 19/20 MP: 6/6
   424 | D:2      | Found a glowing golden altar of the Shining One.
   517 | D:2      | Found a hazy altar of Hepliaklqana.
   538 | D:2      | Gained mutation: You are frail. (-10% HP) [potion of
                  | mutation]
   538 | D:2      | Gained mutation: You tend to lose your temper in combat.
                  | [potion of mutation]
   538 | D:2      | Gained mutation: You are somewhat resistant to further
                  | mutation. [potion of mutation]
   538 | D:2      | Gained mutation: Your muscles are strong. (Str +2) [potion
                  | of mutation]
   542 | D:2      | Gained mutation: Your natural rate of healing is unusually
                  | fast. [Vine Stalker growth]
   542 | D:2      | Reached XP level 4. HP: 1/21 MP: 5/8
   542 | D:2      | HP: 1/21 [poisoned by an adder]
   543 | D:2      | Succumbed to an adder's poison

Levels and vault maps discovered:
D:1:      lightli_arrival_isolated_outpost, layout_rooms
D:2:      layout_basic, lemuel_crystal_altar, lemuel_coloured_pillars_altar,
          nicolae_tso_carved_into_rock, chequers_ecumenical_altar_twisty

Skill      XL: |  1  2  3 |
---------------+----------+-----
Short Blades   | 2 |  2.0
Fighting       | 3 |  3.0
Spellcasting   | 1 2 |  2.4
Shields        | 3 |  3.1
Armour         | |  2.4

Action                   |  1- 3 |  4- 6 || total
-------------------------+-------+-------++-------
Melee: Rapier            |    78 |     1 ||    79
       Bite              |    13 |       ||    13
  Use: Scroll            |     2 |       ||     2
       Potion            |     2 |       ||     2
Armor: Scale mail        |     6 |       ||     6
       Ring mail         |    11 |       ||    11
       Skin              |     5 |       ||     5
Dodge: Dodged            |    25 |       ||    25
Block: Kite shield       |    43 |     1 ||    44

Table legend:
 A = Non-vault XP
 B = Vault XP
 C = Vault XP percentage of total XP
 D = Non-vault monster count
 E = Vault monster count
 F = Vault count percentage of total count
                 A         B        C        D         E       F
            +---------+---------+-------+---------+---------+-------
      Total |      87 |       0 |   0.0 |      25 |       0 |   0.0
            +---------+---------+-------+---------+---------+-------
        D:1 |      30 |       0 |   0.0 |      15 |       0 |   0.0
        D:2 |      57 |       0 |   0.0 |      10 |       0 |   0.0
            +---------+---------+-------+---------+---------+-------
